 Dungeon Crawl Stone Soup version 0.23.0 (webtiles) character file.

Game seed: 12104569421909560318

158 tidbits the Charmwright (level 5, 36/43 HPs)
             Began as a Gnoll Skald on Feb 14, 2019.
             Quit the game on level 3 of the Dungeon.
             The game lasted 00:04:55 (546 turns).

tidbits the Charmwright (Gnoll Skald)                Turns: 546, Time: 00:04:56

Health: 36/43      AC:  3    Str: 13    XL:     5   Next: 40%
Magic:  12/12      EV: 14    Int: 16    God:
Gold:   66         SH:  0    Dex: 15    Spells: 3/14 levels left

rFire    . . .     SeeInvis .   a - +0 spear
rCold    . . .     Gourm    .   (no shield)
rNeg     . . .     Faith    .   b - +0 leather armour
rPois    .         Spirit   .   (no helmet)
rElec    .         Reflect  .   (no cloak)
rCorr    .         Harm     .   (no gloves)
MR       .....                  (no boots)
Stlth    ++........             (no amulet)
HPRegen  0.14/turn              (no ring)
MPRegen  0.13/turn              (no ring)

@: no status effects
A: distributed training, fangs 1, strong nose
a: no special abilities


You were on level 3 of the Dungeon.
You were full.

You visited 1 branch of the dungeon, and saw 4 of its levels.

You collected 66 gold pieces.

Inventory:

Hand Weapons
 a - a +0 spear (weapon)
Missiles
 l - 20 stones (quivered)
Armour
 b - a +0 leather armour (worn)
Scrolls
 c - a scroll of teleportation {unknown}
 e - a scroll of fear {unknown}
 f - 2 scrolls of random uselessness
 h - 2 scrolls of identify {unknown}
 i - a scroll of remove curse {unknown}
 k - a scroll of fog {unknown}
Potions
 g - a potion of curing {unknown}
 j - a potion of degeneration {unknown}
 m - a potion of lignification {unknown}
Comestibles
 d - 2 rations


   Skills:
 + Level 4.7 Fighting
 + Level 1.4 Short Blades
 + Level 1.4 Long Blades
 + Level 1.4 Axes
 + Level 1.4 Maces & Flails
 + Level 4.7 Polearms
 + Level 1.4 Staves
 + Level 1.4 Slings
 + Level 1.4 Bows
 + Level 1.4 Crossbows
 + Level 1.4 Throwing
 + Level 2.9 Armour
 + Level 4.7 Dodging
 + Level 1.4 Stealth
 + Level 1.4 Shields
 + Level 1.4 Unarmed Combat
 + Level 5.2 Spellcasting
 + Level 1.1 Conjurations
 + Level 1.1 Hexes
 + Level 5.5 Charms
 + Level 1.1 Summonings
 + Level 1.1 Necromancy
 + Level 1.1 Translocations
 + Level 1.1 Transmutations
 + Level 1.1 Fire Magic
 + Level 1.1 Ice Magic
 + Level 1.1 Air Magic
 + Level 1.1 Earth Magic
 + Level 1.1 Poison Magic
 + Level 1.6 Invocations
 + Level 1.4 Evocations


You had 3 spell levels left.
You knew the following spells:

 Your Spells              Type           Power        Failure   Level  Hunger
g - Shroud of Golubria    Chrm/Tloc      ##........   8%          2    #......
i - Infusion              Chrm           ###.         1%          1    None
r - Regeneration          Chrm/Necr      ##........   14%         3    ###....
w - Spectral Weapon       Hex/Chrm       ##......     14%         3    ###....
y - Song of Slaying       Chrm           ###.....     3%          2    #......

Your spell library contained the following spells:

 Spells                   Type           Power        Failure   Level  Hunger


Dungeon Overview and Level Annotations

Branches:
Dungeon (4/15)
 Temple: D:4-7

Altars:


Innate Abilities, Weirdness & Mutations

Your experience applies equally to all skills.
You have very sharp teeth.
Your uncanny sense of smell can sniff out nearby items.


Message History

You open the door.
Found a scroll labeled YFEPPO UKHLYU.
Your spectral weapon fades away.
There is an open door here.
You see here a scroll labeled YFEPPO UKHLYU.
h - 2 scrolls labeled YFEPPO UKHLYU (gained 1)
There is an open door here.
There is an open door, spattered with blood here.
Items here: ) ††† a cursed -2 club; a gnoll corpse; a hound corpse x2
A hobgoblin comes into view. It is wielding a +0 club.
Unknown command.
The hobgoblin shouts!
Found 9 poisoned needles.
There is an open door here.
Unknown command.
Found a stone staircase leading down.
There is a stone staircase leading down here.
You open the door.
You climb downwards.
A scorpion, 2 orcs and 2 orc wizards come into view.
The orc wizard shouts!
The orc shouts!
The orc wizard shouts!
The orc shouts!
Found three items.
There is a stone staircase leading up here.
Unknown command.
Unknown command.
The orc wizard casts a spell.
The orc wizard flickers and vanishes!
You climb upwards.
There is a stone staircase leading down here.
Unknown command.
Casting: Regeneration (safe; 14% risk of failure)
Confirm with . or Enter, or press ? or * to list all spells.
You draw out your weapon's spirit!
Your leather armour prevents you from hitting the hobgoblin.
Your spectral weapon misses the hobgoblin.
The hobgoblin misses you.
You hit the hobgoblin but do no damage.
Your spectral weapon barely misses the hobgoblin.
You completely miss the hobgoblin.
Your spectral weapon hits the hobgoblin from afar.
The hobgoblin hits you but does no damage.
You hit the hobgoblin but do no damage.
The hobgoblin is heavily wounded.
Your spectral weapon hits the hobgoblin but does no damage.
The hobgoblin hits you with a +0 club.
You hit the hobgoblin.
The hobgoblin is almost dead.
Your spectral weapon barely misses the hobgoblin.
The hobgoblin closely misses you.
You hit the hobgoblin.
You kill the hobgoblin!
Things that are here:
a +0 club; a hobgoblin corpse Your magical contamination has completely faded away.
There is an open door here.
Your spectral weapon fades away.
Unknown command.
Unknown command.
Unknown command.
Unknown command.
Unknown command.
Unknown command.
An adder comes into view.
Unknown command.
Casting: Spectral Weapon (safe; 14% risk of failure)
Confirm with . or Enter, or press ? or * to list all spells.
You draw out your weapon's spirit!
The adder hisses angrily.
Unknown command.
You hit the adder.
The adder is lightly wounded.
Your spectral weapon completely misses the adder.
The adder closely misses you.
You closely miss the adder. Your bite misses the adder.
The adder is lightly wounded.
Your spectral weapon hits the adder from afar.
The adder bites you.
You hit the adder but do no damage.
The adder is moderately wounded.
Your spectral weapon hits the adder from afar!
The adder bites you but does no damage.
You closely miss the adder.
The adder is almost dead.
Your spectral weapon barely misses the adder.
The adder bites you.
You are poisoned.
The adder poisons you!
You barely miss the adder. You bite the adder.
You kill the adder!
You feel sick.
No target in view!
You feel sick.
Unknown command.
You feel sick.
You feel sick.
You are no longer poisoned.
Unknown command.
Your spectral weapon fades away.
Are you sure you want to abandon this character and quit the game? (Confirm with "yes".)

#..# #.#.
#.#.#######. #>.#
#.#. #........##.
##.# #.#.#
###.####.##. .#
#.#.. #.####.##.
#.#..## #.#....##.
#.#...#.#.#.#####.
#.#.#.#.#.#.#####.
∆#.#.....#...#.....
#@###.#######.####
#.............#
#####.#########
#........<#
###########


There were no monsters in sight!

Vanquished Creatures
  A howler monkey (D:3)
  2 hounds (D:3)
  A gnoll (D:3)
  3 adders
  3 worms
  A leopard gecko (D:2)
  A giant cockroach (D:2)
  3 goblins
  3 hobgoblins
  2 kobolds
  4 bats
  A frilled lizard (D:2)
  A rat (D:2)
26 creatures vanquished.

Notes
Turn   | Place    | Note
-------+----------+-------------------------------------------
     0 | D:1      | tidbits the Gnoll Skald began the quest for the Orb.
     0 | D:1      | Reached XP level 1. HP: 20/20 MP: 6/6
    96 | D:2      | Reached XP level 2. HP: 25/26 MP: 2/7
   100 | D:2      | Learned a level 2 spell: Song of Slaying
   118 | D:2      | Learned a level 2 spell: Shroud of Golubria
   282 | D:2      | Reached skill level 5 in Spellcasting
   282 | D:2      | Reached XP level 3. HP: 18/31 MP: 2/9
   287 | D:2      | Learned a level 3 spell: Regeneration
   291 | D:2      | Learned a level 3 spell: Spectral Weapon
   362 | D:3      | Reached skill level 1 in Invocations
   370 | D:3      | Reached skill level 1 in Short Blades
   370 | D:3      | Reached skill level 1 in Long Blades
   370 | D:3      | Reached skill level 1 in Axes
   370 | D:3      | Reached skill level 1 in Maces & Flails
   370 | D:3      | Reached skill level 1 in Staves
   370 | D:3      | Reached skill level 1 in Slings
   370 | D:3      | Reached skill level 1 in Bows
   370 | D:3      | Reached skill level 1 in Crossbows
   370 | D:3      | Reached skill level 1 in Throwing
   370 | D:3      | Reached skill level 1 in Stealth
   370 | D:3      | Reached skill level 1 in Shields
   370 | D:3      | Reached skill level 1 in Unarmed Combat
   370 | D:3      | Reached skill level 1 in Evocations
   370 | D:3      | Reached XP level 4. HP: 32/38 MP: 7/11
   386 | D:3      | Reached skill level 1 in Conjurations
   386 | D:3      | Reached skill level 1 in Hexes
   386 | D:3      | Reached skill level 1 in Summonings
   386 | D:3      | Reached skill level 1 in Necromancy
   386 | D:3      | Reached skill level 1 in Translocations
   386 | D:3      | Reached skill level 1 in Transmutations
   386 | D:3      | Reached skill level 1 in Fire Magic
   386 | D:3      | Reached skill level 1 in Ice Magic
   386 | D:3      | Reached skill level 1 in Air Magic
   386 | D:3      | Reached skill level 1 in Earth Magic
   386 | D:3      | Reached skill level 1 in Poison Magic
   391 | D:3      | Reached XP level 5. HP: 30/43 MP: 7/12
   546 | D:3      | Quit the game

Skill      XL: |  1  2  3  4 |
---------------+-------------+-----
Spellcasting   | 5 |  5.2
Invocations    | 1 |  1.6
Short Blades   | 1 |  1.4
Long Blades    | 1 |  1.4
Axes           | 1 |  1.4
Maces & Flails | 1 |  1.4
Staves         | 1 |  1.4
Slings         | 1 |  1.4
Bows           | 1 |  1.4
Crossbows      | 1 |  1.4
Throwing       | 1 |  1.4
Stealth        | 1 |  1.4
Shields        | 1 |  1.4
Unarmed Combat | 1 |  1.4
Evocations     | 1 |  1.4
Conjurations   | 1 |  1.1
Hexes          | 1 |  1.1
Summonings     | 1 |  1.1
Necromancy     | 1 |  1.1
Translocations | 1 |  1.1
Transmutations | 1 |  1.1
Fire Magic     | 1 |  1.1
Ice Magic      | 1 |  1.1
Air Magic      | 1 |  1.1
Earth Magic    | 1 |  1.1
Poison Magic   | 1 |  1.1
Fighting       | |  4.7
Polearms       | |  4.7
Armour         | |  2.9
Dodging        | |  4.7
Charms         | |  5.5

Action                   |  1- 3 |  4- 6 || total
-------------------------+-------+-------++-------
Melee: Spear             |    66 |    28 ||    94
       Bite              |     2 |     3 ||     5
 Cast: Infusion          |     6 |       ||     6
       Spectral Weapon   |     2 |     2 ||     4
       Shroud of Golubri |       |     1 ||     1
  Use: Scroll            |     1 |       ||     1
 Stab: Sleeping          |     1 |       ||     1
  Eat: Ration            |     1 |       ||     1
Armor: Leather armour    |     3 |     5 ||     8
Dodge: Dodged            |    18 |    13 ||    31

Table legend:
 A = Turns spent in this place as a percentage of turns spent in the entire game.
 B = Non-inter-level travel turns spent in this place as a percentage of non-inter-level travel turns spent in the entire game.
 C = Inter-level travel turns spent in this place as a percentage of turns spent in this place.
 D = Turns resting spent in this place as a percentage of non-inter-level travel turns spent in this place.
 E = Turns spent auto-exploring this place as a percentage of non-inter-level travel turns spent in this place.
 F = Non-inter-level travel turns spent in this place divided by the number of levels of this place that you've seen.
                   A       B       C       D       E      F
               +-------+-------+-------+-------+-------+----------------------
         Total | 100.0 | 100.0 |   1.5 |   0.0 |   0.0 | 134.5
       Dungeon | 100.0 | 100.0 |   1.5 |   0.0 |   0.0 | 134.5
               +-------+-------+-------+-------+-------+----------------------

Table legend:
 A = Kills in this place as a percentage of kills in entire the game.
 B = Kills by you in this place as a percentage of kills by you in the entire game.
 C = Kills by friends in this place as a percentage of kills by friends in the entire game.
 D = Other kills in this place as a percentage of other kills in the entire game.
 E = Experience gained in this place as a percentage of experience gained in the entire game.
 F = Experience gained in this place divided by the number of levels of this place that you have seen.
                   A       B       C       D       E      F
               +-------+-------+-------+-------+-------+----------------------
         Total | 100.0 | 100.0 |   N/A |   N/A | 100.0 |  56.8
       Dungeon | 100.0 | 100.0 |   N/A |   N/A | 100.0 |  56.8
               +-------+-------+-------+-------+-------+----------------------

Levels and vault maps discovered:
D:1:      minmay_arrival_stone_box, layout_loops_cross
D:2:      layout_basic, serial_forest, infiniplex_forest_end_3,
          infiniplex_forest_clump_small, infiniplex_forest_end_1,
          infiniplex_forest_lined_room_3, infiniplex_forest_straight_5,
          infiniplex_forest_clump_large
D:3:      layout_basic, first_ration, cheibrodos_gnoll_hut
D:4:      minmay_wonky_spiral, layout_rooms, gammafunk_temple_overflow_pools,
          uniq_edmund, uniq_ijyb
